 Dungeon Crawl Stone Soup version 0.29.1-12-g30fa7ad0bf (webtiles) character file.

Game seed: 3314796874446411165

5128 Jotpek the Basher (level 10, -10/90 HPs)
             Began as a Minotaur Berserker on Dec 12, 2022.
             Was an Elder of Trog.
             Mangled by a yak (12 damage)
             ... on level 9 of the Dungeon.
             The game lasted 00:22:08 (6891 turns).

Jotpek the Basher (Minotaur Berserker)              Turns: 6891, Time: 00:22:10

Health: -10/90     AC: 20    Str: 27    XL:     10   Next: 33%
Magic:  9/9        EV: 11    Int:  4    God:    Trog [****..]
Gold:   385        SH:  0    Dex: 15    Spells: 9/9 levels left

rFire   x . .      SeeInvis .   K - +3 flail (holy)
rCold   + . .      Faith    .   (no shield)
rNeg    . . .      Spirit   .   y - +3 chain mail
rPois   .          Reflect  .   (helmet restricted)
rElec   .          Harm     .   E - +5 cloak of Courage {Dex+6}
rCorr   .          Rampage  .   (no gloves)
Will    .....                   (no boots)
Stlth   ..........              t - amulet of the acrobat
HPRegen 0.25/turn               i - ring of ice
MPRegen 0.11/turn               (no ring)

@: mighty, invisible
A: horns 2, retaliatory headbutt
a: Renounce Religion, Berserk, Trog's Hand, Brothers in Arms


You were on level 9 of the Dungeon.
You worshipped Trog.
Trog was greatly pleased with you.
You visited 1 branch of the dungeon, and saw 9 of its levels.

You collected 385 gold pieces.

Inventory:

Hand Weapons
 a - a +0 mace
 o - a +2 hand axe of venom
 q - a +2 dagger of freezing
 C - a +0 giant club
 F - a +1 whip of draining
 I - a +1 whip of flaming
 J - a +0 giant spiked club
 K - a +3 flail of holy wrath (weapon)
 W - a +5 scimitar
Missiles
 e - 5 javelins
 S - a throwing net (quivered)
Armour
 b - a +0 animal skin
 d - a +0 ring mail
 g - a +0 ring mail
 y - a +3 chain mail (worn)
 E - the +5 cloak of Courage (worn) {Dex+6}
   (You found it on level 4 of the Dungeon)

   Dex:       It affects your dexterity (+6).
Jewellery
 i - a ring of ice (left hand)
 r - a ring of see invisible
 t - an amulet of the acrobat (around neck)
 v - a ring of magical power
 z - a ring of resist corrosion
 B - a ring of protection from fire
 O - a +4 ring of evasion
 P - a +4 ring of protection
 R - an amulet of faith
Wands
 U - a wand of flame (45)
 V - a wand of polymorph (5)
Scrolls
 c - 6 scrolls of teleportation {unknown}
 l - 3 scrolls of identify {unknown}
 n - 4 scrolls of vulnerability {unknown}
 p - a scroll of blinking {unknown}
 x - 3 scrolls of amnesia {unknown}
 A - 2 scrolls of immolation {unknown}
 D - 2 scrolls of enchant armour {unknown}
 H - a scroll of noise {unknown}
 L - 2 scrolls of fear {unknown}
 M - 3 scrolls of enchant weapon {unknown}
 T - a scroll of poison {unknown}
Potions
 f - 2 potions of flight {unknown}
 h - 6 potions of heal wounds {unknown}
 j - 11 potions of curing {unknown}
 k - 2 potions of mutation {unknown}
 m - a potion of might
 s - 3 potions of haste
 u - 2 potions of degeneration {unknown}
 G - 2 potions of berserk rage {unknown}
 N - 2 potions of attraction {unknown}


   Skills:
 + Level 8.6 Fighting
 + Level 7.3(10.0) Axes
 + Level 10.5(11.5) Maces & Flails
 + Level 9.6 Armour
 + Level 5.4 Dodging
 + Level 2.0 Stealth


You had 9 spell levels left.
You didn't know any spells.
Your spell library was empty.

Dungeon Overview and Level Annotations

Branches:
Dungeon (9/15)             Temple (0/1) D:6
   Lair: D:8-11         Orc: D:9-12

Altars:
Elyvilon
Gozag
Makhleb
Nemelex Xobeh
Okawaru
Ru

Shops:
D:8 [


Innate Abilities, Weirdness & Mutations

You have a pair of horns on your head.
You reflexively headbutt those who attack you in melee.


Message History

The yak closely misses you.
The yak gores you but does no damage. x2
You barely miss the yak.
The yak is severely wounded.
The yak gores you but does no damage. x2; The yak misses you.
The yak gores you but does no damage.
You closely miss the yak. You headbutt the yak.
The yak is severely wounded.
The yak barely misses you. The yak closely misses you.
The yak gores you but does no damage. The yak barely misses you.
You furiously retaliate!
You headbutt the yak.
It was a potion of might.
You feel very mighty all of a sudden. The yak barely misses you.
You furiously retaliate!
You headbutt the yak. The yak misses you. The yak gores you but does no damage.
The yak gores you.
* * * LOW HITPOINT WARNING * * *
It was a potion of invisibility.
You fade into invisibility!
The yak gores you but does no damage. The yak barely misses you.
You furiously retaliate!
You headbutt the yak!
You kill the yak!
Trog accepts your kill. The yak barely misses you. The yak gores you!
* * * LOW HITPOINT WARNING * * *
You sock the yak!
The yak is severely wounded.
The yak gores you but does no damage. x2; The yak barely misses you.
You hit the yak. You headbutt the yak.
You kill the yak!
Trog accepts your kill.
You sock the yak! You headbutt the yak.
You kill the yak!
Trog accepts your kill.
Your Stealth skill increases to level 2!
You thump the yak!
The yak is severely wounded.
The troll bites you but does no damage. The troll misses you. x2
The yak gores you.
* * * LOW HITPOINT WARNING * * *
The yak gores you!
You die...

#########
##@Y......
##†TY......
##..........
##...........
##............
##.............
##..............
##...............
##..............#


You could see 2 yaks and a troll (unable to see you).

Vanquished Creatures
  Pikel (D:5)
  8 yaks
  2 wyverns
  A steam dragon (D:6)
  Edmund (D:5)
  3 water moccasins
  A black bear (D:6)
  4 ogres
  A centaur (D:7)
  A kobold brigand (D:7)
  3 necrophages
  5 scorpions
  3 bullfrogs
  2 wights (D:8)
  15 killer bees
  3 howler monkeys
  2 hounds
  A gnoll bouda (D:6)
  4 orc priests
  Jessica (D:2)
  2 iguanas (D:5)
  4 orc wizards
  6 gnolls
  8 adders
  A white imp (D:6)
  4 ufetubi
  3 dart slugs
  17 orcs
  4 bats
  3 endoplasms
  5 giant cockroaches
  A goblin (D:2)
  3 hobgoblins
  3 jackals (D:3)
  16 kobolds
  5 quokkas
  8 ball pythons
  3 frilled lizards
  5 rats
163 creatures vanquished.

Vanquished Creatures (others)
  6 fungi (D:9)
  3 plants (D:9)
9 creatures vanquished.

Grand Total: 172 creatures vanquished

Notes
Turn   | Place    | Note
-------+----------+-------------------------------------------
     0 | D:1      | Jotpek the Minotaur Berserker began the quest for the Orb.
     0 | D:1      | Reached XP level 1. HP: 19/19 MP: 0/0
   319 | D:1      | Reached skill level 4 in Maces & Flails
   319 | D:1      | Reached XP level 2. HP: 27/27 MP: 1/1
   698 | D:1      | Found a faded altar of an unknown god.
  1080 | D:2      | Reached XP level 3. HP: 32/33 MP: 2/2
  1166 | D:2      | Reached ** piety under Trog
  1445 | D:2      | Noticed Jessica
  1448 | D:2      | Killed Jessica
  1449 | D:2      | Reached XP level 4. HP: 40/40 MP: 3/3
  1473 | D:2      | Reached skill level 1 in Axes
  1712 | D:3      | Found an iron altar of Okawaru.
  1958 | D:3      | Noticed a scorpion
  1963 | D:3      | Killed a scorpion
  1964 | D:3      | Reached XP level 5. HP: 40/47 MP: 4/4
  2281 | D:4      | Noticed an ogre
  2299 | D:4      | Killed an ogre
  2300 | D:4      | Reached XP level 6. HP: 37/55 MP: 5/5
  2409 | D:4      | Identified the +5 cloak of Courage {Dex+6}
  2437 | D:4      | Found a burning altar of Makhleb.
  2793 | D:5      | Entered Level 5 of the Dungeon
  2829 | D:5      | Noticed Pikel
  2856 | D:5      | Killed Pikel
  2857 | D:5      | Reached skill level 5 in Fighting
  2857 | D:5      | Reached skill level 5 in Axes
  2857 | D:5      | Reached skill level 5 in Armour
  2857 | D:5      | Reached skill level 1 in Stealth
  2857 | D:5      | Reached XP level 7. HP: 43/61 MP: 6/6
  2864 | D:5      | Reached skill level 5 in Maces & Flails
  3013 | D:5      | Found a sand-covered staircase.
  3106 | D:5      | Reached *** piety under Trog
  3159 | D:5      | Reached XP level 8. HP: 65/70 MP: 7/7
  3391 | D:5      | Noticed Edmund
  3401 | D:5      | Killed Edmund
  3576 | D:5      | Reached skill level 6 in Maces & Flails
  3809 | D:6      | Found a staircase to the Ecumenical Temple.
  3838 | D:6      | Reached skill level 7 in Maces & Flails
  3846 | D:6      | Reached XP level 9. HP: 59/78 MP: 8/8
  4026 | D:6      | Reached skill level 8 in Maces & Flails
  4535 | D:6      | Reached skill level 9 in Maces & Flails
  4655 | D:6      | Found an opulent altar of Gozag.
  4815 | D:7      | Found a white marble altar of Elyvilon.
  4871 | D:7      | Reached **** piety under Trog
  4890 | D:7      | Reached skill level 5 in Dodging
  6039 | D:8      | Reached XP level 10. HP: 89/89 MP: 9/9
  6313 | D:8      | Found a sparkling altar of Nemelex Xobeh.
  6375 | D:8      | Found a sacrificial altar of Ru.
  6407 | D:8      | Reached skill level 10 in Maces & Flails
  6528 | D:8      | Found Hooxol's Antique Armour Emporium.
  6891 | D:9      | HP: 2/90 [yak (5)]
  6891 | D:9      | Mangled by a yak

Illustrated notes

Levels and vault maps discovered:
D:1:      minmay_arrival_shoal_huts, layout_basic,
          ebering_ecumenical_altar_hall, minmay_pentomino_z4
D:2:      layout_basic, uniq_jessica
D:3:      layout_loops_ring, mainiacjoe_overflow_cross_hatched, minmay_ruptured
D:4:      layout_cave_pools, mainiacjoe_overflow_alcove_1
D:5:      layout_basic, enter_ossuary_2, uniq_pikel, uniq_edmund
D:6:      layout_rooms, nicolae_gozag_cash_rules_everything_around_me,
          minmay_temple_entry_glass, minmay_misc_feat_tiny
D:7:      layout_basic, elyvilon_altar_5
D:8:      layout_basic, lemuel_tele_altar, nemelex_altar_shiori, serial_shops,
          shop, hex_medium
D:9:      layout_big_octagon, lemuel_crystal_altar,
          grunt_lair_entry_orc_guard_hut, orc_0_dummy,
          kennysheep_generic_room_12

Skill      XL: |  1  2  3  4  5  6  7  8  9 10 |
---------------+-------------------------------+-----
Maces & Flails | 4 5 7 9 10 | 10.5
Fighting       | 4 5 6 8 |  8.6
Armour         | 3 4 5 7 8 9 |  9.6
Axes           | 2 3 5 6 7 |  7.3
Dodging        | 3 4 5 |  5.4
Stealth        | 1 2 |  2.0

Action                   |  1- 3 |  4- 6 |  7- 9 | 10-12 || total
-------------------------+-------+-------+-------+-------++-------
Melee: Mace              |    48 |       |       |       ||    48
       Headbutt          |     6 |     8 |    60 |     7 ||    81
       Hand axe          |    11 |    45 |       |       ||    56
       Whip              |       |    23 |    49 |       ||    72
       Flail             |       |       |   204 |    37 ||   241
       Punch             |       |       |     6 |       ||     6
  Use: Potion            |       |       |       |     2 ||     2
       Scroll            |       |       |       |     1 ||     1
Armor: Animal skin       |    11 |       |       |       ||    11
       Ring mail         |    12 |     1 |       |       ||    13
       Chain mail        |       |    33 |   125 |    39 ||   197
Dodge: Dodged            |    55 |    39 |   194 |    83 ||   371
